[Event "*** SCC Grand Prix: Titled Tuesday Blitz"]
[Site "Chess.com"]
[Date "2020.08.04"]
[Round "1"]
[White "mapleaff"]
[Black "MarcoRiehle"]
[Result "0-1"]
[WhiteElo "2360"]
[BlackElo "2723"]
[TimeControl "180+1"]
[EndTime "13:51:17 PDT"]
[Termination "MarcoRiehle won by resignation"]

1. d4 d5 2. c4 e6 3. Nf3 Nf6 4. Nc3 dxc4 5. e4 Bb4 6. e5 Nd5 7. Bd2 Bxc3 8. bxc3 b5 9. Ng5 Bb7 10. Qh5 Qe7 11. a4 a6 12. axb5 axb5 13. Rxa8 Bxa8 14. Be2 h6 15. O-O Nd7 16. Bg4 O-O 17. Ne4 f5 18.
exf6 N5xf6 19. Nxf6+ Nxf6 20. Qh3 Nxg4 21. Qxg4 Qf6 22.
h3 Bd5 23. Be3 Ra8 24. Bf4 c6 25. Be5 Qg5 26. Qxg5 hxg5 27. f4 gxf4 28. Rxf4 b4 29.
cxb4 c3 30. Rf2 Be4 31. d5 c2 32. Bb2 cxd5 33. Kh2 Ra2 34. Bc1 Ra1 35. Rf1 d4 36.
Kg3 d3 37. Kf2 Rxc1 38. Rxc1 d2 0-1

[Event "*** SCC Grand Prix: Titled Tuesday Blitz"]
[Site "Chess.com"]
[Date "2020.08.04"]
[Round "1"]
[White "Koksik_13"]
[Black "serena-maria"]
[Result "1-0"]
[WhiteElo "2584"]
[BlackElo "2255"]
[TimeControl "180+1"]
[EndTime "13:51:18 PDT"]
[Termination "Koksik_13 won by resignation"]

1. d3 Nf6 2. d4 g6 3. Nc3 d5 4. Bf4 Bg7 5. e3 c5 6. Nf3 O-O 7. Be2 Nc6 8. Ne5 Nd7 9. Nxd7 Bxd7 10. dxc5 e5 11. Bg3 d4 12. exd4 exd4 13. Ne4 Bf5 14. Nd6 Qa5+ 15. Qd2 Bxc2 16. Qxa5 Nxa5 17. Kd2 Bf5 18.
Bd3 Bxd3 19. Kxd3 b6 20. Rac1 bxc5 21. Rxc5 Rfd8 22. Rxa5 Bf8 23. Rd5 Rab8 24. b3 Rb6 25. Re1 Bxd6 26. Re4 Kg7 27. Rexd4 Bc7 28. Bxc7 Rxd5 29.
Bxb6 Rxd4+ 30. Bxd4+ Kf8 31. Bxa7 1-0

[Event "*** SCC Grand Prix: Titled Tuesday Blitz"]
[Site "Chess.com"]
[Date "2020.08.04"]
[Round "1"]
[White "Isajevsky_Anton"]
[Black "ErikRonka"]
[Result "1-0"]
[WhiteElo "2583"]
[BlackElo "2253"]
[TimeControl "180+1"]
[EndTime "13:51:19 PDT"]
[Termination "Isajevsky_Anton won by checkmate"]

1. c4 c6 2. Nf3 d5 3. e3 Nf6 4.
Nc3 Nbd7 5. cxd5 cxd5 6. d4 e6 7. Bd3 Bd6 8. O-O O-O 9. b3 a6 10. Bb2 b5 11. Ne2 Qe7 12. Ne5 Bb7 13. f3 Rfc8 14. a4 b4 15. g4 Ne8 16. Ng3 f6 17. Nxd7 Qxd7 18. f4 a5 19. Qe2 Nc7 20. Rac1 Ne8 21. Kg2 Rxc1 22. Rxc1 Rc8 23. Rf1 Nc7 24. h4 Ra8 25. Rc1 Na6 26. h5 Nb8 27. Qc2 Ba6 28. Bxh7+ Kh8 29. Bg6 Qe7 30. Rh1 Nd7 31.
h6 Rc8 32. hxg7+ Kxg7 33. Rh7+ Kg8 34. Qb1 Qd8 35. Rh8+ Kxh8 36. Qh1+ Kg8 37. Qh7+ Kf8 38. Qf7# 1-0

[Event "*** SCC Grand Prix: Titled Tuesday Blitz"]
[Site "Chess.com"]
[Date "2020.08.04"]
[Round "1"]
[White "kingmonkey2006"]
[Black "aljado"]
[Result "1-0"]
[WhiteElo "2525"]
[BlackElo "2118"]
[TimeControl "180+1"]
[EndTime "13:51:19 PDT"]
[Termination "kingmonkey2006 won by resignation"]

1. e4 c5 2. Nf3 e6 3. d4 cxd4 4. Nxd4 Bc5 5. Nc3 Nc6 6. Nb3 Bb6 7. Be2 Nge7 8. O-O O-O 9. a4 f5 10. Kh1 fxe4 11. Nxe4 d5 12. Nec5 Qd6 13. Be3 Nf5 14. Qd2 Nxe3 15. Qxe3 d4 16. Qg5 Rf5 17. Ne4 Qe5 18.
Qh4 Rf4 19. Qh3 Rxe4 20. Bd3 Bc7 21. f3 Re3 22. Qxh7+ Kf7 23. Bg6+ Kf6 24. f4 Qd6 25. Bh5 Bd7 26. Qg6+ Ke7 27. Qxg7+ Kd8 28. Qg8+ Ke7 29. Qg5+ Kf8 30. Qf6+ Kg8 31. Bf7+ Kf8 32. Bg6+ Kg8 33. Qf7+ 1-0

[Event "*** SCC Grand Prix: Titled Tuesday Blitz"]
[Site "Chess.com"]
[Date "2020.08.04"]
[Round "1"]
[White "OK97"]
[Black "pooh2012"]
[Result "1-0"]
[WhiteElo "2797"]
[BlackElo "2405"]
[TimeControl "180+1"]
[EndTime "13:51:23 PDT"]
[Termination "OK97 won by resignation"]

1. Nf3 Nf6 2. g3 b5 3. e3 a6 4. a4 b4 5. Bg2 Bb7 6. O-O e6 7. d4 Be7 8. c4 bxc3 9. Nxc3 O-O 10. Qc2 d6 11. e4 Nbd7 12. Re1 e5 13. d5 a5 14. Be3 Ng4 15. Bd2 Nc5 16. h3 Nf6 17.
Be3 Nfd7 18. Nd2 Ba6 19. Nb5 Qb8 20. Bf1 Rc8 21. Nc4 Bxb5 22. axb5 a4 23. Ra3 Rf8 24.
Nd2 g6 25. Rea1 f5 26. exf5 gxf5 27. Qd1 Kh8 28. b4 Nf6 29. bxc5 1-0

[Event "*** SCC Grand Prix: Titled Tuesday Blitz"]
[Site "Chess.com"]
[Date "2020.08.04"]
[Round "1"]
[White "smartinusa"]
[Black "Sacbutt"]
[Result "1-0"]
[WhiteElo "2569"]
[BlackElo "2230"]
[TimeControl "180+1"]
[EndTime "13:51:23 PDT"]
[Termination "smartinusa won by resignation"]

1. d4 e5 2. dxe5 Nc6 3. Nf3 Qe7 4. Nc3 Nxe5 5. Nd5 Nxf3+ 6. gxf3 Qd8 7. Bf4 d6 8. Qd2 Be7 9. Rg1 Bf6 10. Qe3+ Be6 11.
Bh3 Qd7 12. Nxf6+ Nxf6 13. Rxg7 O-O-O 14. Bxe6 Qxe6 15. Qxe6+ fxe6 16. Bg5 Rdf8 17. Bxf6 Rxf6 18. Kd2 Rh6 19. Rh1 Rf8 20. h4 Rf4 21. Rg4 Rhf6 22. Rhg1 h5 23. Rg8+ Kd7 24. R1g7+ Rf7 25. Ke3 Ke7 26. Rxf7+ Rxf7 27. Rh8 Rf5 28. Rh7+ Kd8 29.
f4 b6 30. Kf3 Kc8 31. e4 Rc5 32. c3 Ra5 33. a3 Kb7 34. Rh6 d5 35. Rxe6 dxe4+ 36.
Rxe4 Rd5 37. Re5 Rd2 38. Rxh5 Rxb2 39. Rh8 Rb3 40. h5 Rxa3 41. h6 Rxc3+ 42. Kg4 Rc1 43. h7 Rh1 44. f5 a5 45. f6 a4 46. f7 a3 47. f8=Q 1-0

[Event "*** SCC Grand Prix: Titled Tuesday Blitz"]
[Site "Chess.com"]
[Date "2020.08.04"]
[Round "1"]
[White "Evgeny81"]
[Black "Ural_bogatyr"]
[Result "1-0"]
[WhiteElo "2734"]
[BlackElo "2365"]
[TimeControl "180+1"]
[EndTime "13:51:25 PDT"]
[Termination "Evgeny81 won by resignation"]

1. d4 Nf6 2. c4 g6 3. Nc3 Bg7 4. e4 O-O 5. Nf3 d6 6. Be2 e5 7. d5 a5 8. h3 Na6 9. Bg5 h6 10. Be3 Nc5 11. Nd2 Qe8 12. b3 Bd7 13. a3 c6 14. O-O Rb8 15. b4 axb4 16. axb4 Na6 17. dxc6 Be6 18. b5 Nc5 19. c7 Rc8 20. b6 Nfd7 21. Rb1 f5 22. Nb5 Qe7 23. Na7 f4 24. Bxc5 Nxc5 25. Nxc8 Bxc8 26. Bg4 Ne6 27. Ra1 h5 28.
Bxe6+ Qxe6 29. c5 Kh7 30. Qb3 Qe7 31. c6 f3 32. Nxf3 Be6 33. Qc3 d5 34. cxb7 d4 35. Qa3 Qd7 36. Ng5+ 1-0

[Event "*** SCC Grand Prix: Titled Tuesday Blitz"]
[Site "Chess.com"]
[Date "2020.08.04"]
[Round "1"]
[White "Hrant_ChessMood"]
[Black "KingCrusher275"]
[Result "1-0"]
[WhiteElo "2853"]
[BlackElo "2422"]
[TimeControl "180+1"]
[EndTime "13:51:26 PDT"]
[Termination "Hrant_ChessMood won by resignation"]

1. d4 d5 2. c4 e6 3. Nf3 Nf6 4. Nc3 Be7 5. g3 O-O 6. Bg2 Nbd7 7. Qd3 b6 8. cxd5 exd5 9. O-O Bb7 10. Ne5 Re8 11. Bf4 Bd6 12. Nxd7 Qxd7 13. Bxd6 Qxd6 14.
Rac1 a6 15. e3 Rad8 16. a3 Re7 17. Rc2 c5 18. dxc5 bxc5 19. Rd1 Red7 20. Na4 Rc7 21. Rdc1 Rdc8 22. Bh3 Nd7 23. Bxd7 Qxd7 24. Nxc5 Qe7 25.
Nxb7 Rxc2 26. Rxc2 Rxc2 27. Qxc2 Qxb7 28. b4 h6 29. Qc5 Qd7 30. Kg2 Qf5 31. Qd4 Qe6 32.
a4 Qc6 33. a5 Qe6 34. h4 Kh7 35. Qd3+ Kh8 36. b5 axb5 37. Qxb5 Qe5 38. a6 Qe4+ 39. Kg1 1-0

[Event "*** SCC Grand Prix: Titled Tuesday Blitz"]
[Site "Chess.com"]
[Date "2020.08.04"]
[Round "1"]
[White "KyrgyzFighter"]
[Black "QuintilianoR"]
[Result "0-1"]
[WhiteElo "2294"]
[BlackElo "2648"]
[TimeControl "180+1"]
[EndTime "13:51:29 PDT"]
[Termination "QuintilianoR won by resignation"]

1. Nf3 Nf6 2. g3 e6 3. Bg2 d5 4. O-O Be7 5. d3 O-O 6. Nbd2 c5 7. e4 Nc6 8. b3 b5 9. Bb2 Bb7 10. a4 bxa4 11. Rxa4 d4 12. Nc4 Nd7 13. e5 Qc7 14. Re1 Nb6 15. Nxb6 axb6 16. Rxa8 Rxa8 17. Bc1 Ra1 18.
Qe2 Ra2 19. Bf4 Nb4 20. Rc1 h6 21. h4 Bd5 22. Qd1 Qb7 23. c3 dxc3 24. Rxc3 Nc6 25. d4 Nxd4 26. Nxd4 Bxg2 27. Nb5 Bh3 28. f3 Rg2+ 29.
Kh1 Rf2 30. Kg1 Rf1+ 31. Qxf1 Bxf1 32. Kxf1 Qa6 0-1

[Event "*** SCC Grand Prix: Titled Tuesday Blitz"]
[Site "Chess.com"]
[Date "2020.08.04"]
[Round "1"]
[White "TST2014"]
[Black "effefe"]
[Result "1-0"]
[WhiteElo "2512"]
[BlackElo "2094"]
[TimeControl "180+1"]
[EndTime "13:51:29 PDT"]
[Termination "TST2014 won on time"]

1. d4 Nf6 2. c4 g6 3. Nc3 Bg7 4. e4 d6 5. Nf3 O-O 6. Be2 e5 7. O-O Nc6 8. d5 Ne7 9. b4 a5 10. bxa5 Rxa5 11. a4 Nd7 12. Nd2 Nc5 13. Nb3 Nxb3 14. Qxb3 f5 15. Ba3 fxe4 16. Nxe4 Nf5 17.
Bb4 Nd4 18. Qb2 Ra6 19. c5 Nxe2+ 20. Qxe2 Bf5 21. a5 Bxe4 22. Qxe4 Rf4 23. Qb1 e4 24. Ra3 Bd4 25. cxd6 cxd6 26. Bd2 Rf7 27. Qxe4 Bc5 28. Rf3 Rxf3 29. Qxf3 Qf8 30. Qb3 Qf7 31. g3 Ra8 32. Kg2 Rf8 33. Bh6 Re8 34. Qf3 Qxf3+ 35. Kxf3 Bb4 36.
Rb1 Bxa5 37. Rxb7 Bc3 38. Bf4 Be5 39. Rd7 Rf8 40. Kg4 1-0

[Event "*** SCC Grand Prix: Titled Tuesday Blitz"]
[Site "Chess.com"]
[Date "2020.08.04"]
[Round "1"]
[White "Enriquack"]
[Black "dalmatinac101"]
[Result "0-1"]
[WhiteElo "2342"]
[BlackElo "2701"]
[TimeControl "180+1"]
[EndTime "13:51:31 PDT"]
[Termination "dalmatinac101 won on time"]

1. e4 c5 2. Nf3 Nc6 3. Bb5 g6 4. O-O Bg7 5. d3 e5 6. a3 Nge7 7. b4 cxb4 8. axb4 O-O 9. Nc3 d5 10. exd5 Nxd5 11. Nxd5 Qxd5 12. Bc4 Qd7 13. Rb1 b6 14.
Re1 Bb7 15. Ba3 Rfe8 16. Ng5 Nd8 17. b5 h6 18. Ne4 Bxe4 19. dxe4 Qc7 20. Bd5 Rc8 21.
c4 Ne6 22. g3 Nd4 23. h4 h5 24.
Qd3 Bf8 25. Bb2 Bc5 26. Kg2 Kg7 27. Rf1 f6 0-1

[Event "*** SCC Grand Prix: Titled Tuesday Blitz"]
[Site "Chess.com"]
[Date "2020.08.04"]
[Round "1"]
[White "anpospan"]
[Black "Zurability"]
[Result "0-1"]
[WhiteElo "2323"]
[BlackElo "2687"]
[TimeControl "180+1"]
[EndTime "13:51:33 PDT"]
[Termination "Zurability won by resignation"]

1. d4 Nf6 2. c4 e6 3. Nc3 Bb4 4. a3 Bxc3+ 5. bxc3 d6 6. f3 c5 7. e4 Nc6 8. Be3 b6 9. Bd3 e5 10. d5 Na5 11. Qe2 Ba6 12. Nh3 Qd7 13. a4 h6 14.
O-O O-O-O 15. Rfb1 g5 16. Nf2 Rdg8 17. g4 h5 18. h3 Nh7 19. Kg2 Nf8 20. Rh1 f6 21. h4 gxh4 22. Rxh4 Ng6 23. Rhh1 Kb8 24. Rag1 Qxa4 25. Kf1 hxg4 26. Nxg4 Rxh1 27. Rxh1 Bxc4 28.
Nxf6 Qa1+ 29. Kg2 Nf4+ 30. Kh2 Rh8+ 0-1

[Event "*** SCC Grand Prix: Titled Tuesday Blitz"]
[Site "Chess.com"]
[Date "2020.08.04"]
[Round "1"]
[White "hansen"]
[Black "aa175"]
[Result "1-0"]
[WhiteElo "2991"]
[BlackElo "2465"]
[TimeControl "180+1"]
[EndTime "13:51:35 PDT"]
[Termination "hansen won by resignation"]

1. e4 c5 2. Nf3 d6 3. c3 Nf6 4. Be2 Nc6 5. d3 Bg4 6. Nbd2 e6 7. h3 Bh5 8. O-O Be7 9. Re1 O-O 10. Nf1 b5 11. Ng3 Bg6 12. Nh4 Qb6 13. Be3 a5 14. Nxg6 hxg6 15. d4 b4 16. Rc1 Rfd8 17. Kh2 d5 18. e5 Nd7 19. Bd3 c4 20. Bc2 Rdb8 21. Ne2 b3 22. axb3 cxb3 23. Bd3 a4 24. c4 Nb4 25. Nf4 Nxd3 26. Qxd3 dxc4 27. Rxc4 Qa6 28.
Rec1 Nb6 29. R4c3 Qxd3 30. Rxd3 Nd5 31. Nxd5 exd5 32. Ra1 Rb6 33. g4 Rc6 34. Rxb3 axb3 35. Rxa8+ Kh7 36. Rb8 Rc2 37. Rxb3 f6 38. Rb7 Bd8 39.
e6 Bb6 1-0

[Event "*** SCC Grand Prix: Titled Tuesday Blitz"]
[Site "Chess.com"]
[Date "2020.08.04"]
[Round "1"]
[White "Semen_Khanin"]
[Black "Kavyev_Ruslan"]
[Result "1-0"]
[WhiteElo "2786"]
[BlackElo "2396"]
[TimeControl "180+1"]
[EndTime "13:51:36 PDT"]
[Termination "Semen_Khanin won by resignation"]

1. e4 c5 2. Nf3 d6 3. d4 cxd4 4. Nxd4 Nf6 5. Nc3 a6 6. f3 e5 7.
Nb3 Be6 8. Be3 h5 9. Qd2 Nbd7 10. Nd5 Bxd5 11. exd5 g6 12. Be2 Rc8 13. c4 Bg7 14. Na5 Qc7 15. O-O O-O 16. Rac1 Rfe8 17. b4 e4 18. f4 Ng4 19. Bxg4 hxg4 20. f5 Ne5 21. fxg6 fxg6 22. Rc2 Rf8 23. Rxf8+ Rxf8 24. c5 Qf7 25.
Qd1 Nd3 26. cxd6 Qxd5 27. Qxg4 Nxb4 28. Rd2 Qf5 29. Qxf5 gxf5 30. d7 Nd3 31. Nxb7 Bf6 32. Bb6 Rb8 33. d8=Q+ Bxd8 34. Bxd8 Rxb7 35. h4 Rb1+ 36. Kh2 Kf7 37. Re2 Nf4 38. Rf2 Nd3 39. Rxf5+ Ke6 40. Rf8 Kd5 41. h5 Nf4 42. Rxf4 1-0

[Event "*** SCC Grand Prix: Titled Tuesday Blitz"]
[Site "Chess.com"]
[Date "2020.08.04"]
[Round "1"]
[White "chenxiaoyuer"]
[Black "VerdeNotte"]
[Result "0-1"]
[WhiteElo "2430"]
[BlackElo "2862"]
[TimeControl "180+1"]
[EndTime "13:51:37 PDT"]
[Termination "VerdeNotte won on time"]

1. e4 c5 2. Nf3 g6 3. d4 cxd4 4. Nxd4 Nf6 5. Nc3 d6 6. Be2 Nc6 7. O-O Bg7 8. Nb3 Be6 9. Bg5 O-O 10. Kh1 Na5 11. f4 Nc4 12. f5 Nxb2 13. Qc1 Bc4 14.
Qxb2 Bxe2 15. Nxe2 Nxe4 16. f6 Nxf6 17. Nbd4 Qd7 18.
Nc3 Rac8 19. Rae1 Rfe8 20. Qb3 Qg4 21. Bxf6 Bxf6 22. Re4 Qg5 23. Nd5 Be5 24. Nf3 Qf5 25. Nd2 Qe6 26. c4 b6 27. Nf3 Qf5 28. Qd3 Bg7 29. Nd2 Qd7 30. Ref4 f5 31. R4f2 e6 32. Ne3 Qc6 33. Nc2 d5 34. Nd4 dxc4 35. Nxc6 cxd3 36. Nxa7 Rc2 0-1

[Event "*** SCC Grand Prix: Titled Tuesday Blitz"]
[Site "Chess.com"]
[Date "2020.08.04"]
[Round "1"]
[White "Dedic8"]
[Black "guillembaches"]
[Result "1-0"]
[WhiteElo "2800"]
[BlackElo "2410"]
[TimeControl "180+1"]
[EndTime "13:51:38 PDT"]
[Termination "Dedic8 won on time"]

1. e4 c5 2. Nf3 d6 3. d4 cxd4 4. Nxd4 Nf6 5. Nc3 Nc6 6. Bg5 e6 7. Qd3 h6 8. Bxf6 gxf6 9. O-O-O a6 10. f4 Bd7 11. Kb1 Qb6 12. Nxc6 Bxc6 13. f5 Qc5 14. Be2 h5 15. Bf3 Be7 16. Ne2 Bb5 17. Qd2 Bxe2 18. Qxe2 h4 19. Bh5 e5 20. Qg4 Bf8 21. Rd5 Qf2 22. Rhd1 Rd8 23. a3 Ke7 24. R5d2 Qe3 25. Qxh4 Bh6 26. Re2 Qf4 27. g4 Qf3 28. Qe1 Qf4 29.
Qb4 Rd7 30. Qb3 Kf8 31. Rxd6 Bg5 32. Rxd7 1-0

[Event "*** SCC Grand Prix: Titled Tuesday Blitz"]
[Site "Chess.com"]
[Date "2020.08.04"]
[Round "1"]
[White "Sashadav97"]
[Black "The_Machine04"]
[Result "1-0"]
[WhiteElo "2592"]
[BlackElo "2257"]
[TimeControl "180+1"]
[EndTime "13:51:38 PDT"]
[Termination "Sashadav97 won by checkmate"]

1. d4 d6 2. Nf3 Nf6 3. c4 g6 4. Nc3 Bf5 5. Nh4 Bd7 6. Nf3 Bf5 7. Bg5 Bg7 8. e3 Ne4 9. Nxe4 Bxe4 10. Be2 O-O 11.
O-O h6 12. Bh4 Qe8 13. Nd2 Bf5 14. Rc1 c5 15. Nf3 Nc6 16. d5 Nb4 17. Qb3 Bd7 18. Bd1 b5 19. e4 bxc4 20. Qa3 Nd3 21. Rxc4 Nxb2 22. Rc2 Nxd1 23. Rxd1 Ba4 24. Rcc1 Bxd1 25. Rxd1 Qd7 26. h3 Bf6 27. Bg3 Kg7 28. Qe3 Rfb8 29. e5 dxe5 30. Nxe5 Qb5 31. Ng4 Rd8 32. d6 exd6 33.
Qxh6+ Kg8 34. Nxf6# 1-0

[Event "*** SCC Grand Prix: Titled Tuesday Blitz"]
[Site "Chess.com"]
[Date "2020.08.04"]
[Round "1"]
[White "icychess54"]
[Black "Mikhail_Golubev"]
[Result "1/2-1/2"]
[WhiteElo "2277"]
[BlackElo "2597"]
[TimeControl "180+1"]
[EndTime "13:51:43 PDT"]
[Termination "Game drawn by repetition"]

1. c4 g6 2. Nf3 Bg7 3. e3 d6 4.
Be2 Nf6 5. O-O O-O 6. Nc3 e5 7. b4 e4 8. Ne1 a5 9. b5 Nbd7 10. Bb2 Nc5 11. d4 exd3 12. Nxd3 Nfd7 13. Nxc5 Nxc5 14. Bf3 Be6 15. Qe2 a4 16. Nd5 c6 17.
Bxg7 Kxg7 18. Nf4 Qf6 19. bxc6 bxc6 20. Bxc6 Rab8 21. Rab1 a3 22. Bb5 Ne4 23. Qd3 Nc3 24. Rb3 Nxb5 25. Rxb5 Rxb5 26. cxb5 Qb2 27. Nxe6+ fxe6 28. Qxd6 Qxb5 29. Qe7+ Rf7 30. Qxa3 e5 31. Qc3 Qd5 32. a4 Rf5 33. g3 h5 34. a5 h4 35.
Qc7+ Kh6 36. Qc1 Rg5 37. e4 Qxe4 38. Qe3 Qc6 39. f4 exf4 40. Qxf4 h3 41. Qh4+ Rh5 42.
Qf4+ Rg5 43. Qh4+ Rh5 44. Qf4+ Rg5 1/2-1/2

[Event "*** SCC Grand Prix: Titled Tuesday Blitz"]
[Site "Chess.com"]
[Date "2020.08.04"]
[Round "1"]
[White "PawnEatingZombie"]
[Black "davidkalashian"]
[Result "0-1"]
[WhiteElo "2232"]
[BlackElo "2567"]
[TimeControl "180+1"]
[EndTime "13:51:44 PDT"]
[Termination "davidkalashian won by resignation"]

1. d4 Nf6 2. c4 e6 3. Nc3 Bb4 4. Qc2 c5 5. dxc5 O-O 6. a3 Bxc5 7. Nf3 b6 8. Bf4 Bb7 9. e3 Nh5 10. Bg5 Be7 11. Bxe7 Qxe7 12. Be2 d6 13. O-O Nf6 14. Rfd1 a6 15. Rac1 Qc7 16. b4 Nbd7 17. Qb3 Rac8 18. Nd4 Rfd8 19. f3 Ne5 20. Na2 h6 21. Kh1 Qe7 22.
e4 Nh5 23. g3 Nf6 24. Kg1 h5 25. Kf2 h4 26. Bf1 d5 27. cxd5 exd5 28. Nf5 Qe6 29. Rxc8 Rxc8 30. Nc3 Neg4+ 31. fxg4 Rxc3 32. Qb1 Nxg4+ 33. Kg1 dxe4 34. Rd8+ Kh7 35. Nxh4 Qf6 36. Rd7 0-1

[Event "*** SCC Grand Prix: Titled Tuesday Blitz"]
[Site "Chess.com"]
[Date "2020.08.04"]
[Round "1"]
[White "ClydeHillKid"]
[Black "JonahWillow"]
[Result "0-1"]
[WhiteElo "2313"]
[BlackElo "2680"]
[TimeControl "180+1"]
[EndTime "13:51:47 PDT"]
[Termination "JonahWillow won by resignation"]

1. e4 c5 2. Nf3 Nc6 3. d4 cxd4 4. Nxd4 g6 5. Nc3 Bg7 6. Be3 Nf6 7. Bc4 O-O 8. Bb3 d6 9. f3 Bd7 10. Qd2 Nxd4 11.
Bxd4 b5 12. g4 a5 13. a4 bxa4 14. Bxa4 Bxa4 15. Nxa4 e5 16. Be3 Qc7 17. O-O-O Qc6 18. Nc3 a4 19. Qxd6 Qc8 20. g5 Nh5 21. Nd5 Kh8 22.
Qc7 Qh3 23. Nb6 Rae8 24. Bc5 Rg8 25. Rd3 Qe6 26. Kb1 Rb8 27. Rd6 Qe8 28. Rhd1 Nf4 29. R6d2 Ne6 30. Qd6 Qb5 31. Be3 Nd4 32. Bxd4 exd4 33.
Qa3 Qxb6 34. Rd3 Rgc8 35. f4 Bf8 36. R1d2 Bxa3 0-1

[Event "*** SCC Grand Prix: Titled Tuesday Blitz"]
[Site "Chess.com"]
[Date "2020.08.04"]
[Round "1"]
[White "penguingm1"]
[Black "Vladislav_Chizhikov"]
[Result "1-0"]
[WhiteElo "2955"]
[BlackElo "2459"]
[TimeControl "180+1"]
[EndTime "13:51:48 PDT"]
[Termination "penguingm1 won by resignation"]

1. d4 d5 2. Bf4 c6 3. e3 Bf5 4. c4 Qb6 5. Qb3 e6 6. Nc3 dxc4 7. Bxc4 Nd7 8. f3 Bg6 9. Nge2 Ngf6 10. e4 Qxb3 11.
Bxb3 Be7 12. O-O O-O 13. Rfd1 a5 14. Rac1 Rfc8 15. a3 Kf8 16. g4 h6 17. Kf2 Ne8 18. Be3 Bd6 19. f4 Bh7 20. Kf3 Be7 21. f5 exf5 22.
gxf5 f6 23. Nf4 Nc7 24. Rg1 c5 25. Ne6+ Nxe6 26. fxe6 Nb6 27. dxc5 Rxc5 28. Bxc5 Bxc5 29. Nd5 Bxg1 30. e7+ Ke8 31. Nc7+ Kxe7 32. Nxa8 Nxa8 33. Rxg1 g5 34. Rc1 Kd8 35. Be6 Nc7 36. Rd1+ Ke8 37.
Bf5 Bg8 38. Rd7 Ne6 39. Rxb7 Nd4+ 40. Kg4 Bf7 41. Ra7 h5+ 42. Kg3 Ne2+ 43. Kf2 Nc1 44. e5 fxe5 45. Rxa5 Ke7 46. Rxe5+ Kf6 47. Rb5 Nb3 48.
Bd3 Nd4 49. Rc5 h4 50. a4 Nb3 51.
Rf5+ Ke7 52. Rxf7+ 1-0

[Event "*** SCC Grand Prix: Titled Tuesday Blitz"]
[Site "Chess.com"]
[Date "2020.08.04"]
[Round "1"]
[White "XiaoKangZhong"]
[Black "TigrVShlyape"]
[Result "0-1"]
[WhiteElo "2430"]
[BlackElo "2866"]
[TimeControl "180+1"]
[EndTime "13:51:49 PDT"]
[Termination "TigrVShlyape won by resignation"]

1. e4 e5 2. Nf3 Nc6 3. Bc4 Nf6 4. d3 h6 5. c3 d6 6. Nbd2 g6 7. Bb3 Bg7 8. O-O O-O 9. Re1 Qe8 10. Nf1 Nh5 11. d4 Bd7 12. h3 Kh7 13.
Be3 b6 14. Qd2 Rd8 15. Rad1 Na5 16. Bc2 Nc4 17. Qc1 Nxe3 18. fxe3 Qe7 19. Rd2 Bc6 20. Rf2 Kh8 21. Qd2 Bf6 22. g3 Bg7 23. a4 Nf6 24. g4 Nxe4 25. Bxe4 Bxe4 26. Ng3 Bb7 27. b3 e4 28. Nh2 d5 29. Ref1 Ba6 30. Ra1 Bd3 31.
Nhf1 c5 32. Ne2 cxd4 33. cxd4 Bxe2 34. Rxe2 Rc8 35. Rc1 f5 36. gxf5 Qg5+ 37. Rg2 Qxf5 38. Rxc8 Rxc8 39. Qe2 h5 40. Qa6 Rc1 41. b4 Bh6 42.
Rg3 h4 43. Rg4 Bxe3+ 44. Kh2 Qf2+ 45. Rg2 Bf4+ 0-1

[Event "*** SCC Grand Prix: Titled Tuesday Blitz"]
[Site "Chess.com"]
[Date "2020.08.04"]
[Round "1"]
[White "adriangschnitzer"]
[Black "ArjunErigaisi2003"]
[Result "0-1"]
[WhiteElo "2474"]
[BlackElo "3042"]
[TimeControl "180+1"]
[EndTime "13:51:50 PDT"]
[Termination "ArjunErigaisi2003 won by resignation"]

1. e4 c5 2. Nf3 d6 3. d4 cxd4 4. Nxd4 Nf6 5. Nc3 Nc6 6. Bg5 e6 7. Qd2 a6 8. O-O-O Be7 9. f4 Bd7 10. Nf3 b5 11. Bxf6 gxf6 12. f5 Qb6 13. Kb1 O-O-O 14.
g3 Na5 15. Bh3 b4 16. Ne2 e5 17. Nc1 Kb8 18. Rhe1 Rc8 19. Bf1 Nc4 20. Bxc4 Rxc4 21. Qd5 Rhc8 22. Qxf7 Qd8 23. Rd2 a5 24. Red1 a4 25.
b3 Rxe4 26. Rxd6 Bxd6 27. Rxd6 Qc7 28. Rd2 Bxf5 29. Qxf6 Rf4 30. Qxe5 Rxf3 31. Qb5+ Qb7 32. Qe5+ Rc7 33. Rd8+ Bc8 34. bxa4 Rc3 35. Nb3 Rxc2 36. Rd5 Qa7 37. Rb5+ Bb7 38. Nc5 Rxc5 39. Qe8+ Rc8 0-1

[Event "*** SCC Grand Prix: Titled Tuesday Blitz"]
[Site "Chess.com"]
[Date "2020.08.04"]
[Round "1"]
[White "superchess02"]
[Black "ChadBiryani"]
[Result "1-0"]
[WhiteElo "2709"]
[BlackElo "2343"]
[TimeControl "180+1"]
[EndTime "13:51:50 PDT"]
[Termination "superchess02 won by resignation"]

1. e4 c5 2. Nf3 d6 3. d4 cxd4 4. Nxd4 Nf6 5. Nc3 g6 6. Be3 Bg7 7. f3 a6 8. Qd2 h5 9. O-O-O b5 10.
Kb1 Bb7 11. e5 dxe5 12. Ne6 Qxd2 13. Nxg7+ Kf8 14. Rxd2 Kxg7 15. Be2 Nc6 16. Rhd1 Rhd8 17. a4 b4 18. Na2 Rxd2 19. Rxd2 e6 20. Bc5 a5 21. Nc1 Nd5 22. Nb3 f5 23. Bf2 Kf6 24.
Nc5 Bc8 25. Bc4 Nce7 26. Bg3 Ra7 27. Re2 f4 28. Bh4+ g5 29. Ne4+ Kg6 30. Bxg5 Nf5 31. h4 Nfe3 32. Bd3 Kg7 33. g3 Bd7 34. gxf4 exf4 35. Bxf4 Nxf4 36. Rxe3 Bxa4 37. Nc5 Nxd3 38. Rxd3 Bc6 39. Nxe6+ Kf6 40. Ng5 Kf5 41. Rd4 Re7 42.
b3 Re1+ 43. Kb2 Ke5 44. Rc4 Bd5 45. Rc5 Rh1 46. f4+ Kd4 47. Rxa5 Rxh4 48. Rb5 Rxf4 49. Rxb4+ Ke3 50. Rb5 Be4 51. Nxe4 Rxe4 52. Rxh5 1-0

[Event "*** SCC Grand Prix: Titled Tuesday Blitz"]
[Site "Chess.com"]
[Date "2020.08.04"]
[Round "1"]
[White "BeanScreen"]
[Black "Baronessa08"]
[Result "0-1"]
[WhiteElo "2707"]
[BlackElo "2379"]
[TimeControl "180+1"]
[EndTime "13:51:51 PDT"]
[Termination "Baronessa08 won on time"]

1. e4 c5 2. Nf3 Nc6 3. Nc3 e5 4. Bc4 Be7 5. d3 d6 6. Nd2 Nf6 7. Nf1 Bg4 8. f3 Be6 9. Ne3 O-O 10. O-O Ne8 11. Ncd5 Nc7 12. c3 Rb8 13. a4 Bg5 14. Nxc7 Qxc7 15. Nd5 Bxd5 16. Bxd5 Bxc1 17.
Qxc1 Ne7 18. Bc4 Ng6 19. g3 Kh8 20. f4 exf4 21. gxf4 f5 22. Qe3 Rbe8 23. Rae1 fxe4 24. dxe4 d5 25. Bxd5 Nxf4 26. Qg3 b6 27. Kh1 Qe5 28. Rg1 h6 29. Rd1 c4 30. Qg4 Nd3 0-1

[Event "*** SCC Grand Prix: Titled Tuesday Blitz"]
[Site "Chess.com"]
[Date "2020.08.04"]
[Round "1"]
[White "Beca95"]
[Black "RaphCamora"]
[Result "1-0"]
[WhiteElo "2880"]
[BlackElo "2435"]
[TimeControl "180+1"]
[EndTime "13:51:53 PDT"]
[Termination "Beca95 won by resignation"]

1. c4 e6 2. Nc3 d5 3. e3 Nf6 4. Nf3 c5 5. cxd5 exd5 6. Bb5+ Bd7 7. Bxd7+ Nbxd7 8. d4 c4 9. O-O Bb4 10. Bd2 O-O 11. b3 Rc8 12. bxc4 Rxc4 13. Qb3 Qa5 14. Nxd5 Qxd5 15. Bxb4 Rfc8 16. Bd2 b5 17. a4 Rxa4 18.
Qxd5 Nxd5 19. Rxa4 bxa4 20. Ra1 N5b6 21. Kf1 Nf6 22.
Ke2 Ne4 23. Be1 f6 24. Kd3 f5 25. Ne5 Nd6 26. f3 Ndc4 27. Nxc4 Nxc4 28. Ra2 a3 29. d5 a5 30. e4 fxe4+ 31. fxe4 Kf7 32. Bc3 g6 33.
Bd4 Ke7 34. e5 Kd7 35. Rc2 Nb2+ 36. Bxb2 axb2 37. Rxb2 Rc5 38. Kd4 Rc1 39. Rb7+ 1-0

[Event "*** SCC Grand Prix: Titled Tuesday Blitz"]
[Site "Chess.com"]
[Date "2020.08.04"]
[Round "1"]
[White "onnoelgersma"]
[Black "Fandorine"]
[Result "0-1"]
[WhiteElo "2450"]
[BlackElo "2902"]
[TimeControl "180+1"]
[EndTime "13:51:56 PDT"]
[Termination "Fandorine won by checkmate"]

1. e4 c5 2. Nf3 d6 3. Bb5+ Nd7 4.
d4 cxd4 5. Qxd4 a6 6. Bxd7+ Bxd7 7. Nc3 Nf6 8. O-O e6 9. Rd1 Bc6 10. a4 Be7 11. Bg5 O-O 12. a5 Rc8 13. Nd2 d5 14.
e5 Nd7 15. Bxe7 Qxe7 16. f4 f6 17. Nf3 fxe5 18. Nxe5 Nxe5 19. Qxe5 Rf5 20. Qd4 Rcf8 21.
Rf1 Qc7 22. g3 h5 23. Qe3 d4 24. Qxd4 h4 25. Ne4 hxg3 26. hxg3 Rxa5 27. Rxa5 Qxa5 28. Ng5 Qf5 29. c4 Qg4 30. Qe3 Re8 31. Qf2 e5 32.
Qh2 Qf5 33. Qf2 exf4 34. Qxf4 Qc5+ 35. Rf2 Re1+ 36. Kh2 Rh1# 0-1